 Dungeon Crawl Stone Soup version 0.30-a0-739-gea05faddec (webtiles) character file.

Game seed: 14657388123107252245

520 jimonade the Magician (level 7, -9/49 HPs)
             Began as a Djinni Hedge Wizard on Feb 4, 2023.
             Mangled by Menkaure (21 damage)
             ... on level 5 of the Dungeon.
             The game lasted 00:07:32 (3512 turns).

jimonade the Magician (Djinni Hedge Wizard)         Turns: 3512, Time: 00:07:32

Health: -9/49      AC:  4    Str: 13    XL:     7   Next: 45%
Gold:   227        EV: 12    Int: 19    God:
                   SH:  3    Dex: 13

rFire   + + .      SeeInvis .    a - +7 falchion of Intimidation {freeze, Drain rPois Int+4}
rCold   x . .      Faith    .    n - +0 buckler
rNeg    . . .      Spirit   .    A - +1 leather armour "Zomatyd" {Rampage Regen+ Str+2}
rPois   ∞          Reflect  .    h - +1 hat
rElec   .          Harm     .    (no cloak)
rCorr   .          Rampage  +    s - +2 pair of gloves
Will    .....                    (boots unavailable)
Stlth   ++                       (no amulet)
HPRegen 1.08/turn                (no ring)
MPRegen 0.00/turn                (no ring)

@: corroded, flying
A: sickness immunity, fire resistance 2, cold vulnerability 1, float, innate
caster, HP casting, extra vitality 1
a: no special abilities


You were on level 5 of the Dungeon.
You visited 1 branch of the dungeon, and saw 5 of its levels.

You collected 227 gold pieces.

Inventory:

Hand Weapons
 a - the +7 falchion of Intimidation (weapon) {freeze, Drain rPois Int+4}
   (You found it on level 3 of the Dungeon)

   Int:       It affects your intelligence (+4).
   rPois:     It protects you from poison.
   Drain:     It drains your maximum health when unequipped.
 e - a +0 spear
 k - a +0 dagger
 r - a +0 rapier
Missiles
 u - 5 poisoned darts
Armour
 b - a +0 robe
 c - a +0 hat
 h - a +1 hat (worn)
 j - a +0 ring mail
 m - a +0 leather armour
 n - a +0 buckler (worn)
 s - a +2 pair of gloves (worn)
 A - the +1 leather armour "Zomatyd" (worn) {Rampage Regen+ Str+2}
   (You found it on level 4 of the Dungeon)

   Str:       It affects your strength (+2).
   Regen:     It increases your rate of health regeneration.
   Rampage:   It bestows one free step when moving towards enemies.
Magical Staves
 y - a staff of cold
Wands
 l - a wand of iceblast (10)
Scrolls
 f - 3 scrolls of enchant armour {unknown}
 g - 8 scrolls of identify {unknown}
 i - 2 scrolls of teleportation {unknown}
 o - 3 scrolls of vulnerability {unknown}
 p - 3 scrolls of poison {unknown}
 q - a scroll of acquirement {unknown}
 v - 2 scrolls of fear {unknown}
 x - a scroll of brand weapon {unknown}
Potions
 d - a potion of magic
 t - a potion of invisibility {unknown}
 w - a potion of flight {unknown}
 z - a potion of resistance {unknown}
 B - a potion of ambrosia {unknown}
 C - a potion of lignification {unknown}
 D - a potion of curing {unknown}


   Skills:
 + Level 2.4 Fighting
 + Level 0.2(1.9) Short Blades
 + Level 3.1(3.2) Long Blades
 + Level 1.6 Armour
 + Level 3.3 Dodging
 - Level 1.5 Stealth
 + Level 0.2 Shields
 * Level 4.3 Spellcasting


You couldn't memorise any spells.
You knew the following spells:

 Your Spells              Type           Power      Damage    Failure   Level
a - Magic Dart            Conj           80%        1d7       3%          1
b - Slow                  Hex            80%        N/A       3%          1
c - Blink                 Tloc           40%        N/A       6%          2
d - Call Imp              Summ           20%        N/A       6%          2
e - Mephitic Cloud        Conj/Pois/Air  20%        N/A       12%         3
f - Kiss of Death         Conj/Necr      80%        2d11      3%          1
g - Poisonous Vapours     Pois/Air       40%        N/A       6%          2
h - Teleport Other        Tloc           20%        N/A       12%         3
Your spell library was empty.

Dungeon Overview and Level Annotations

Branches:
Dungeon (5/15)
 Temple: D:4-7

Altars:
Elyvilon
Yredelemnul

Annotations:
D:5 Menkaure


Innate Abilities, Weirdness & Mutations

You are immune to sickness and miasma.
You are immune to poison.
Your flesh is very heat resistant. (rF++)
You are vulnerable to cold. (rC-)
You float through the air rather than walking.
You learn spells naturally, not from books.
Your magical power is your life essence.
You have superior vitality. (+4 MHP)


Message History

Reactivating autopickup.
You feel a bit more experienced.
Your Long Blades skill increases to level 3!
Deactivating autopickup; reactivate with Ctrl-A.
You barely miss something.
Menkaure, Prince of Dust comes into view.
Something completely misses you.
Casting: Mephitic Cloud (dangerous; 12% risk of failure)
Confirm with . or Enter, or press ? or * to list all spells.
Aiming: Teleport Other (dangerous; 12% risk of failure)
Press: ? - help, Shift-Dir - straight line, f - Menkaure
Aim: Menkaure (noxious fumes, chance to affect: 60%) Nothing appears to happen.
Menkaure calls on the powers of darkness!
The jelly convulses!
Your body is wracked with pain!
Something is bathed in an unholy light!
Something hits the jelly.
You rampage towards the jelly!
You hit the jelly. You freeze the jelly. The acid corrodes you!
Your hands burn!
The jelly is severely wounded.
A howler monkey comes into view.
The jelly misses you.
Menkaure gestures wildly while chanting.
Menkaure seems to speed up.
You slash the jelly! You freeze the jelly.
You kill the jelly!
You hit the howler monkey. You freeze the howler monkey.
The howler monkey is almost dead.
The howler monkey hits you but does no damage.
You block the howler monkey's attack.
You slash the howler monkey! You freeze the howler monkey.
You kill the howler monkey!
You hit Menkaure.
Menkaure is lightly damaged.
You block Menkaure's attack.
You hit Menkaure.
Menkaure is lightly damaged.
Menkaure hits you!
* * * LOW HITPOINT WARNING * * *
Menkaure hits you!!
You die...

# #..# # #.#... #
#.#... ..# # #.# ..#
# #.# ..# # #.# ..#
#####.# ..#
......#############.#
................@M.)#
.#################..#
... #.:# ..... ..o..
...#.. ........ ##.#
# .J......#.# .#
####{o#....#
#l.#....? #........


You could see Menkaure (fast).

Vanquished Creatures
  A black bear (D:3)
  An ogre (D:4)
  A scorpion (D:4)
  A howler monkey (D:5)
  A jelly (D:5)
  An orc priest (D:5)
  A hound (D:4)
  An iguana (D:5)
  2 orc wizards (D:5)
  4 adders
  A worm (D:2)
  2 dart slugs (D:4)
  8 orcs
  4 endoplasms
  4 giant cockroaches
  5 goblins
  6 hobgoblins
  5 jackals
  3 quokkas
  3 ball pythons (D:1)
  6 bats
  2 frilled lizards
  11 kobolds
  3 rats
77 creatures vanquished.

Notes
Turn   | Place    | Note
-------+----------+-------------------------------------------
     0 | D:1      | jimonade the Djinni Hedge Wizard began the quest for the
                  | Orb.
     0 | D:1      | jimonade set off with the following spells memorised: Magic
                  | Dart, Slow, Blink, Call Imp, Mephitic Cloud.
     0 | D:1      | Reached XP level 1. HP: 15/15 MP: 0/0
   266 | D:1      | Reached XP level 2. HP: 20/21 MP: 0/0
  1140 | D:2      | Reached XP level 3. HP: 17/25 MP: 0/0
  1140 | D:2      | Learned a level 1 spell: Kiss of Death
  1226 | D:2      | Reached skill level 3 in Spellcasting
  2043 | D:2      | Reached XP level 4. HP: 29/31 MP: 0/0
  2231 | D:3      | Identified the +7 falchion of Intimidation {freeze, Drain
                  | rPois Int+4}
  2834 | D:4      | Noticed a scorpion
  2838 | D:4      | Killed a scorpion
  2839 | D:4      | Reached skill level 1 in Fighting
  2839 | D:4      | Reached skill level 1 in Long Blades
  2839 | D:4      | Reached XP level 5. HP: 37/37 MP: 0/0
  2839 | D:4      | Learned a level 2 spell: Poisonous Vapours
  2844 | D:4      | Noticed an ogre
  2859 | D:4      | Killed an ogre
  2860 | D:4      | Reached skill level 4 in Spellcasting
  2860 | D:4      | Reached XP level 6. HP: 42/42 MP: 0/0
  3014 | D:4      | Identified the +1 leather armour "Zomatyd" {Rampage Regen+
                  | Str+2}
  3104 | D:4      | Noticed a black bear
  3131 | D:3      | Killed a black bear
  3132 | D:3      | Reached skill level 1 in Armour
  3132 | D:3      | Reached XP level 7. HP: 49/49 MP: 0/0
  3132 | D:3      | Learned a level 3 spell: Teleport Other
  3178 | D:4      | Found a basalt altar of Yredelemnul.
  3237 | D:4      | Found a white marble altar of Elyvilon.
  3416 | D:5      | Entered Level 5 of the Dungeon
  3504 | D:5      | Noticed Menkaure
  3512 | D:5      | Mangled by Menkaure

Illustrated notes

Levels and vault maps discovered:
D:1:      lemuel_arrival_river_ford, layout_basic
D:2:      layout_loops_corners
D:3:      corexii_shack_village, layout_basic
D:4:      layout_cave_pools, nicolae_sif_muna_condensation, kennysheep_ying_yang
D:5:      layout_basic, minmay_misc_feat_columns, kennysheep_generic_room_10,
          uniq_menkaure, uniq_blork_the_orc

Skill      XL: |  1  2  3  4  5  6  7 |
---------------+----------------------+-----
Spellcasting   | 3 4 |  4.3
Fighting       | 1 2 |  2.4
Long Blades    | 1 2 3 |  3.1
Dodging        | 3 |  3.3
Armour         | 1 |  1.6
Short Blades   | |  0.2
Stealth        | |  1.5
Shields        | |  0.2

Action                     |  1- 3 |  4- 6 |  7- 9 || total
---------------------------+-------+-------+-------++-------
  Melee: Rapier            |     7 |       |       ||     7
         Falchion          |       |    60 |    24 ||    84
   Cast: Magic Dart        |    90 |     4 |       ||    94
         Poisonous Vapours |       |       |     5 ||     5
         Mephitic Cloud    |       |       |     2 ||     2
         Slow              |       |       |     1 ||     1
         Teleport Other    |       |       |     1 ||     1
   Stab: Sleeping          |     1 |       |       ||     1
 Armour: Robe              |     6 |       |       ||     6
         Ring mail         |       |    10 |       ||    10
         Leather armour    |       |    14 |     5 ||    19
  Dodge: Dodged            |    24 |    61 |     7 ||    92
  Block: Buckler           |       |     7 |     3 ||    10

Table legend: (Time is in decaauts)
 A = Elapsed time spent in this place.
 B = Non-inter-level travel time spent in this place.
 C = Inter-level travel time spent in this place.
 D = Time resting spent in this place.
 E = Time spent auto-exploring this place.
 F = Levels seen in this place.
 G = Mean time per level.
                   A        B        C        D        E       F      G
               +--------+--------+--------+--------+--------+-----+--------+
         Total |   3534 |   3348 |    186 |      0 |   2773 |   5 |  706.8 |
       Dungeon |   3534 |   3348 |    186 |      0 |   2773 |   5 |  706.8 |
               +--------+--------+--------+--------+--------+-----+--------+

Top non-repeatable levels by time:
     D:2: 1169 daAuts
     D:1: 1027 daAuts
     D:3: 664 daAuts
     D:4: 573 daAuts
     D:5: 100 daAuts
